 Dungeon Crawl Stone Soup version 0.18.1-8-gdd0e5ea (webtiles) character file.

114 kae the Firebug (level 4, -11/24 HPs)
             Began as a Tengu Fire Elementalist on May 25, 2016.
             Mangled by an iguana (14 damage)
             ... on level 3 of the Dungeon.
             The game lasted 00:03:33 (2114 turns).

kae the Firebug (Tengu Fire Elementalist)           Turns: 2114, Time: 00:03:33

Health: -11/24     AC:  2    Str:  8    XL:     4   Next: 98%
Magic:  1/8        EV: 12    Int: 16    God:
Gold:   84         SH:  0    Dex: 15    Spells: 1 memorised, 7 levels left

rFire  . . .     SeeInvis .     e - +0 dagger
rCold  . . .     Gourm    .     a - +0 robe
rNeg   . . .     Faith    .     (no shield)
rPois  .         Spirit   .     (helmet restricted)
rElec  .         Dismiss  .     (no cloak)
rCorr  .         Reflect  .     (no gloves)
SustAt .         Harm     .     (boots unavailable)
MR     .....                    (no amulet)
Stlth  ++........               (no ring)
                                (no ring)

@: very slightly contaminated, not resistant to hostile enchantments, unstealthy
A: beak, talons 3
a: no special abilities


You were on level 3 of the Dungeon.
You were not hungry.

You visited 1 branch of the dungeon, and saw 3 of its levels.

You collected 84 gold pieces.

Inventory:

Hand Weapons
 e - a +0 dagger (weapon)
Armour
 a - a +0 robe (worn)
Scrolls
 g - 2 scrolls of remove curse {unknown}
 i - 3 scrolls of fog {unknown}
 j - a scroll of identify {unknown}
 k - a scroll of noise {unknown}
 l - a scroll of enchant weapon {unknown}
 n - 2 scrolls of teleportation {unknown}
 o - 3 scrolls of amnesia {unknown}
 q - a scroll of random uselessness {unknown}
Potions
 h - a potion of flight
 p - a potion of heal wounds {unknown}
Books
 b - a book of Flames

   Spells                             Type                      Level
   a - Flame Tongue                   Conjuration/Fire             1
   b - Throw Flame                    Conjuration/Fire             2
   c - Conjure Flame                  Conjuration/Fire             3
   d - Inner Flame                    Hexes/Fire                   3
   e - Sticky Flame                   Conjuration/Fire             4
   f - Fireball                       Conjuration/Fire             5
Comestibles
 c - 2 bread rations
 d - 2 slices of pizza
 f - 2 meat rations
 m - 3 fruits
 r - a chunk of flesh


   Skills:
 - Level 2.1 Dodging
 - Level 2.0 Stealth
 + Level 2.6 Spellcasting
 * Level 4.0 Conjurations
 * Level 4.5 Fire Magic


You had 7 spell levels left.
You knew the following spells:

 Your Spells              Type           Power        Failure   Level  Hunger
a - Flame Tongue          Conj/Fire      ###..        4%          1    #......


Dungeon Overview and Level Annotations

Branches:
Dungeon (3/15)

Altars:


Innate Abilities, Weirdness & Mutations

You have a beak for a mouth.
You have claws for feet.


Message History

The iguana is almost dead.
The iguana bites you.
You hit the iguana but do no damage. You claw the iguana.
The iguana is almost dead.
The iguana bites you.
You closely miss the iguana. Your kick misses the iguana.
The iguana is almost dead.
The iguana bites you!
* * * LOW HITPOINT WARNING * * *
You are too injured to fight recklessly!
You are too injured to fight recklessly!
You are too injured to fight recklessly!
You are too injured to fight recklessly!
You are too injured to fight recklessly!
You barely miss the iguana.
The iguana is almost dead.
The iguana hisses menacingly.
The iguana bites you!
Ouch! That really hurt!
You die...

#.#######... #. #.##.#
##........... #... #....#
#..###.##..#. #...#
#.##.###.#.###.##.... #...#
#.##.##.###.##.###.#. #...#
#........#.......#.#.
####...######....................
..............##...#....)....##.#
...............l@...#..........##
..............###..#).........#.#
####.>.######## ##...#........##.
#.........###### #............##.
#..............# #.##########.###
#.........####.# #.# #....
##.#........# #.#### #####
#.#...#.##.# #..<.## ###### #
#........l# ###...#####.....


You could see an iguana.

Vanquished Creatures
  Ijyb (D:2)
  Robin (D:2)
  3 adders
  2 worms
  A dart slug (D:2)
  2 giant geckos (D:2)
  A giant cockroach (D:1)
  8 goblins
  10 hobgoblins
  4 kobolds
  3 bats
  6 rats
42 creatures vanquished.

Vanquished Creatures (others)
  A plant (D:2)
1 creature vanquished.

Grand Total: 43 creatures vanquished

Notes
Turn   | Place    | Note
--------------------------------------------------------------
     0 | D:1      | kae the Tengu Fire Elementalist began the quest for the Orb.
     0 | D:1      | Reached XP level 1. HP: 10/10 MP: 4/4
   187 | D:1      | Reached XP level 2. HP: 14/15 MP: 6/6
   458 | D:2      | Noticed Robin
   856 | D:2      | Reached XP level 3. HP: 12/19 MP: 0/7
   989 | D:2      | Found a faded altar to an unknown god.
   997 | D:2      | Noticed Ijyb
  1068 | D:2      | Killed Ijyb
  1068 | D:2      | Reached XP level 4. HP: 3/24 MP: 0/8
  1488 | D:2      | Killed Robin
  2114 | D:3      | Mangled by an iguana

Skill      XL: |  1  2  3  4 |
---------------+-------------+-----
Conjurations   | 2 3 4 |  4.0
Fire Magic     | 4 |  4.5
Dodging        | |  2.1
Stealth        | |  2.0
Spellcasting   | |  2.6

Action                   |  1- 3 |  4- 6 || total
-------------------------+-------+-------++-------
Melee: Unarmed           |    64 |       ||    64
       Peck              |    12 |     4 ||    16
       Kick              |    12 |     8 ||    20
       Dagger            |       |    29 ||    29
 Cast: Flame Tongue      |    60 |    29 ||    89
  Use: Potion            |     6 |       ||     6
 Stab: Sleeping          |     2 |     1 ||     3
  Eat: Chunk             |     1 |     4 ||     5
Armor: Robe              |    16 |     1 ||    17
Dodge: Dodged            |    43 |    13 ||    56
